 Dungeon Crawl Stone Soup version 0.29-a0-994-gc5c9f59d18 (webtiles) character file.

Game seed: 17134377803926701839

1 coolguy69 the Cutter (level 1, -1/11 HPs)
             Began as a Vine Stalker Monk on Aug 3, 2022.
             Slain by an endoplasm (3 damage)
             ... on level 1 of the Dungeon.
             The game lasted 00:00:10 (245 turns).

coolguy69 the Cutter (Vine Stalker Monk)             Turns: 245, Time: 00:00:10

Health: -1/11      AC:  2    Str: 13    XL:     1   Next: 20%
Magic:  0/2        EV: 12    Int: 10    God:
Gold:   16         SH:  0    Dex: 16    Spells: 0/0 levels left

rFire   . . .      SeeInvis .   a - +0 short sword
rCold   . . .      Faith    .   (no shield)
rNeg    . . .      Spirit   +   b - +0 robe
rPois   .          Reflect  .   (no helmet)
rElec   .          Harm     .   (no cloak)
rCorr   .          Rampage  .   (no gloves)
Will    .....                   (no boots)
Stlth   ++........              (no amulet)
HPRegen 0.03/turn               (no ring)
MPRegen 0.08/turn               (no ring)

@: no status effects
A: fangs 2, magic shield, antimagic bite, no potion heal 2
a: no special abilities


You were on level 1 of the Dungeon.
You visited 1 branch of the dungeon, and saw 1 of its levels.

You collected 16 gold pieces.

Inventory:

Hand Weapons
 a - a +0 short sword (weapon)
Armour
 b - a +0 robe (worn)
Potions
 c - a potion of ambrosia


   Skills:
 + Level 2.6 Fighting
 + Level 2.6 Short Blades
 + Level 2.5 Dodging
 + Level 2.4 Stealth


You couldn't memorise any spells.
You didn't know any spells.
Your spell library was empty.

Dungeon Overview and Level Annotations

Branches:
Dungeon (1/15)

Altars:


Innate Abilities, Weirdness & Mutations

You have extremely sharp teeth.
When hurt, damage is shared between your health and your magic reserves.
Your bite disrupts and absorbs the magic of your enemies.
Potions cannot restore your health.


Message History

You are too injured to fight recklessly!
You are too injured to fight recklessly!
You hit the endoplasm.
You kill the endoplasm!
Found a silvery potion.
You start resting.
Magic restored.
You start resting.
You start resting.
HP restored.
Found a pair of boots.
An endoplasm and a giant cockroach come into view.
The endoplasm jiggles.
You see here a silvery potion.
An endoplasm comes into view.
Found 6 gold pieces.
There are monsters nearby!
There are monsters nearby!
A kobold comes into view. It is wielding a +0 short sword.
Found 6 gold pieces.
The giant cockroach completely misses you.
There are monsters nearby!
You hit the giant cockroach.
The giant cockroach is severely wounded.
The giant cockroach closely misses you.
There are monsters nearby!
You barely miss the giant cockroach.
The giant cockroach is severely wounded.
The endoplasm freezes you.
You are frozen.
The giant cockroach bites you.
You barely miss the giant cockroach.
The giant cockroach is severely wounded.
The kobold shouts!
The endoplasm freezes you.
You are frozen.
* * * LOW HITPOINT WARNING * * *
The giant cockroach bites you but does no damage.
A bat comes into view.
The endoplasm attacks as you move away! The endoplasm hits you.
You die...

#..###.##.##
..J$....... $
........#.###..
.............K...
..............b..
#...............
.......BJ.....# #..
#......@# #...#.#.
........###...... .
...#.##.!....# .#..
.............##.#..
...................
..$[.##.......#.#. #
.....##.......#.# ..
......)........#.##..
.....................


You could see 2 endoplasms, a giant cockroach, a bat and a kobold.

Vanquished Creatures
  An endoplasm (D:1)
1 creature vanquished.

Notes
Turn   | Place    | Note
-------+----------+-------------------------------------------
     0 | D:1      | coolguy69 the Vine Stalker Monk began the quest for the
                  | Orb.
     0 | D:1      | Reached XP level 1. HP: 11/11 MP: 2/2
   245 | D:1      | Slain by an endoplasm

Illustrated notes

Levels and vault maps discovered:
D:1:      grunt_arrival_lava_bath, layout_basic, ebering_ecumenical_altar_rust

Action                   || total
-------------------------++-------
Melee: Short sword       ||     6
       Bite              ||     2
Armor: Robe              ||     1
Dodge: Dodged            ||     2

Table legend: (Time is in decaauts)
 A = Elapsed time spent in this place.
 B = Non-inter-level travel time spent in this place.
 C = Inter-level travel time spent in this place.
 D = Time resting spent in this place.
 E = Time spent auto-exploring this place.
 F = Levels seen in this place.
 G = Mean time per level.
                   A        B        C        D        E       F      G
               +--------+--------+--------+--------+--------+-----+--------+
         Total |    244 |    244 |      0 |    215 |     13 |   1 |  244.0 |
       Dungeon |    244 |    244 |      0 |    215 |     13 |   1 |  244.0 |
               +--------+--------+--------+--------+--------+-----+--------+

Top non-repeatable levels by time:
     D:1: 244 daAuts
